 Dungeon Crawl Stone Soup version 0.21-a0-110-g8e1637b (webtiles) character file.

2813 Charly the Spear-Bearer (level 9, -1/78 HPs)
             Began as a Centaur Chaos Knight on July 8, 2017.
             Shot with an arrow by a centaur (14 damage)
             ... on level 11 of the Dungeon.
             The game lasted 00:34:09 (2571 turns).

Charly the Spear-Bearer (Centaur Chaos Knight)      Turns: 2571, Time: 00:34:10

Health: -1/78      AC: 10    Str: 22    XL:     9   Next: 44%
Magic:  2/9        EV: 11    Int: 11    God:    Xom [..*...]
Gold:   322        SH:  0    Dex: 12    Spells: 8/8 levels left

rFire    . . .     SeeInvis .   a - +0 spear (chaos)
rCold    + . .     Gourm    .   (no shield)
rNeg     . . .     Faith    .   D - +2 leather armour
rPois    .         Spirit   .   (no helmet)
rElec    .         Reflect  .   (no cloak)
rCorr    .         Harm     .   k - +0 pair of gloves
MR       +....                  (no barding)
Stlth    +.........             (no amulet)
HPRegen  0.23/turn              n - ring of flight
MPRegen  0.11/turn              y - +3 ring of protection

@: mighty, lethally poisoned (-1 -> -2), very quick
A: hooves 3, cold resistance 1, deformed body, speed 2, magic resistance 1,
mutation resistance 1, strong 1, tough skin 3
a: Renounce Religion, Evoke Flight


You were on level 11 of the Dungeon.
You worshipped Xom.
You were a toy of Xom.
You were not hungry.

You visited 1 branch of the dungeon, and saw 11 of its levels.
You also visited: Ossuary.

You collected 322 gold pieces.

Inventory:

Hand Weapons
 a - a +0 spear of chaos (weapon)
 b - a +2 halberd
 s - a +0 glaive
Missiles
 p - 4 curare-tipped needles
Armour
 k - a +0 pair of gloves (worn)
 D - a +2 leather armour (worn)
Jewellery
 n - a ring of flight (left hand)
 y - a +3 ring of protection (right hand)
Wands
 h - a wand of flame (31/48)
 E - a wand of digging (11/24)
 F - a wand of confusion (23/48)
Scrolls
 d - 5 scrolls of remove curse
 g - a scroll of fear
 l - 9 scrolls of teleportation
 t - a scroll of recharging
 u - 2 scrolls of magic mapping
Potions
 e - a potion of invisibility {unknown}
 f - a potion of flight {unknown}
 i - a potion of lignification {unknown}
 m - 4 potions of agility
 o - 2 potions of brilliance
 q - 3 potions of ambrosia
 r - a potion of mutation {unknown}
 v - 6 potions of curing
 x - 2 potions of cancellation
 z - a potion of magic {unknown}
 A - a potion of heal wounds {unknown}
 B - 2 potions of haste {unknown}
Books
 C - a book of Minor Magic

   Spells                             Type                      Level
   a - Magic Dart                     Conjuration                  1
   b - Blink                          Translocation                2
   c - Call Imp                       Summoning                    2
   d - Slow                           Hexes                        2
   e - Conjure Flame                  Conjuration/Fire             3
   f - Mephitic Cloud                 Conjuration/Poison/Air       3
Miscellaneous
 w - a lightning rod (4/4)
Comestibles
 c - 6 bread rations
 j - 2 meat rations


   Skills:
 + Level 6.4 Fighting
 + Level 10.0 Polearms
 - Level 1.3 Armour
 - Level 4.0 Dodging


You had 8 spell levels left.
You didn't know any spells.

Dungeon Overview and Level Annotations

Branches:
Dungeon (11/15)              Lair (0/6) D:11            Orc (0/2) D:9
 Temple: D:4-7

Altars:
Ashenzari
Uskayaw


Innate Abilities, Weirdness & Mutations

You have hooves in place of feet.
Armour fits poorly on your strangely shaped body.
You cover ground very quickly.
You have extremely tough skin. (AC +3)
Your flesh is cold resistant. (rC+)
You are resistant to hostile enchantments. (MR+)
You are somewhat resistant to further mutation.
Your muscles are strong. (Str +2)


Message History

Press: ? - help, Dir - move target cursor, f - komodo dragon
Aim: a komodo dragon (lightly wounded)
You reach to attack!
You closely miss the komodo dragon.
The komodo dragon is lightly wounded.
You feel sick.
Attack whom?
Press: ? - help, Dir - move target cursor, f/p - komodo dragon
Aim: a komodo dragon You reach to attack!
You impale the komodo dragon!! You burn the komodo dragon.
The komodo dragon is heavily wounded.
You feel sick.
Attack whom?
Press: ? - help, Dir - move target cursor, f/p - komodo dragon
Aim: a komodo dragon (heavily wounded)
You reach to attack!
You barely miss the komodo dragon.
The komodo dragon is heavily wounded.
The centaur wields a runed shortbow.
It bursts into flame!
The centaur shoots an arrow.
The arrow hits you!
You die...
Xom guffaws!

##############
.............# #@#
###.## #..l.#
#c...#
#############h...#
.......)(h....)..#
##.#.c.####.....#
#...#).# ##....#
#...##.####....#


You could see a komodo dragon, a centaur and a hound.

Vanquished Creatures
  Pikel (D:6)
  A hippogriff (D:7)
  A black bear (D:7)
  An orc warrior (D:10)
  An ice beast (D:7)
  3 centaurs
  2 ogres
  7 bullfrogs
  A scorpion (D:7)
  3 killer bees (D:11)
  4 wights (D:7)
  3 centaur zombies (Ossuary)
  5 hounds
  2 jellies
  An orc priest (D:10)
  Jessica (D:2)
  An iguana (D:7)
  5 orc wizards
  A worker ant (D:11)
  A hound zombie (D:11)
  3 mummies (Ossuary)
  6 adders
  3 shadow imps
  An ooze (D:5)
  A worm (D:4)
  A dart slug (D:1)
  3 leopard geckos
  14 orcs
  2 giant cockroaches
  2 hobgoblins
  7 jackals
  3 kobolds
  6 quokkas
  2 ball pythons
  A bat (D:3)
  A frilled lizard (D:2)
  A goblin zombie (Ossuary)
  2 hobgoblin zombies (Ossuary)
  An orc zombie (Ossuary)
  3 rats
108 creatures vanquished.

Vanquished Creatures (collateral kills)
  A mummy (Ossuary)
  An orc (D:7)
2 creatures vanquished.

Vanquished Creatures (others)
  An ogre zombie (Ossuary)
  2 mummies (Ossuary)
  An orc (D:7)
4 creatures vanquished.

Grand Total: 114 creatures vanquished

Notes
Turn   | Place    | Note
-------+----------+-------------------------------------------
     0 | D:1      | Charly the Centaur Chaos Knight began the quest for the Orb.
     0 | D:1      | Reached XP level 1. HP: 19/19 MP: 1/1
    27 | D:1      | Reached skill level 3 in Polearms
    37 | D:2      | Reached XP level 2. HP: 18/26 MP: 2/2
   205 | D:2      | Found a faded altar of an unknown god.
   217 | D:2      | You fall through a shaft!
   219 | D:3      | XOM: divination: detect items
   238 | D:3      | XOM: mild Conj miscast
   250 | D:3      | XOM: harmless Erth miscast
   263 | D:3      | XOM: divination: detect creatures
   303 | D:2      | Found a shattered altar of Ashenzari.
   311 | D:2      | Noticed Jessica
   316 | D:2      | Killed Jessica
   316 | D:2      | Reached skill level 4 in Polearms
   316 | D:2      | Reached XP level 3. HP: 6/31 MP: 3/3
   381 | D:3      | XOM: potion effect (heal wounds)
   390 | D:3      | XOM: silly message
   396 | D:3      | Reached XP level 4. HP: 33/38 MP: 4/4
   473 | D:4      | Reached skill level 5 in Polearms
   499 | D:4      | XOM: silly message
   566 | D:4      | Reached XP level 5. HP: 31/45 MP: 5/5
   686 | D:5      | Entered Level 5 of the Dungeon
   721 | D:4      | XOM: harmless Chrm miscast
   742 | D:4      | Found a hide-covered altar of Uskayaw.
   779 | D:4      | Reached skill level 6 in Polearms
   919 | D:6      | XOM: potion effect (curing)
   922 | D:6      | Reached XP level 6. HP: 48/51 MP: 6/6
   958 | D:6      | Noticed a slave
   969 | D:6      | Noticed Pikel
   971 | D:6      | Noticed a slave
   971 | D:6      | Noticed a slave
   998 | D:6      | Killed Pikel
   998 | D:6      | Reached skill level 5 in Fighting
   998 | D:6      | Reached skill level 7 in Polearms
   998 | D:6      | Reached XP level 7. HP: 44/61 MP: 7/7
  1016 | D:6      | Found a sand-covered staircase.
  1020 | Ossuary  | Entered an ossuary
  1067 | Ossuary  | XOM: summons 3 friendly demons
  1092 | Ossuary  | XOM: destruction
  1111 | Ossuary  | Reached skill level 1 in Dodging
  1229 | D:6      | XOM: give mutations
  1229 | D:6      | Gained mutation: Your muscles are strong. (Str +2) [Xom's grace]
  1229 | D:6      | Gained mutation: You are resistant to hostile enchantments. (MR+) [Xom's grace]
  1229 | D:6      | Gained mutation: You are somewhat resistant to further mutation. [Xom's grace]
  1229 | D:6      | Gained mutation: Your flesh is cold resistant. (rC+) [Xom's grace]
  1257 | D:7      | XOM: divination: magic mapping
  1276 | D:7      | Reached XP level 8. HP: 50/68 MP: 8/8
  1277 | D:7      | XOM: mild Summ miscast
  1281 | D:7      | XOM: mild Tmut miscast
  1416 | D:7      | XOM: cast spell 'Discord'
  1469 | D:7      | XOM: potion effect (invisibility)
  1490 | D:7      | Reached skill level 8 in Polearms
  1507 | D:7      | XOM: cast spell 'Alistair's Intoxication'
  1655 | D:7      | Noticed a hippogriff
  1658 | D:7      | XOM: potion effect (agility)
  1666 | D:7      | XOM: potion effect (haste)
  1669 | D:7      | XOM: enchant monster (good)
  1689 | D:7      | Killed a hippogriff
  1693 | D:7      | XOM: mild Air miscast
  1878 | D:9      | Noticed a cyclops
  1900 | D:9      | Reached skill level 9 in Polearms
  1910 | D:9      | Found a staircase to the Orcish Mines.
  1950 | D:9      | Reached XP level 9. HP: 54/74 MP: 9/9
  1994 | D:9      | XOM: mild Fire miscast
  2000 | D:9      | XOM: divination: detect creatures
  2007 | D:10     | Entered Level 10 of the Dungeon
  2010 | D:10     | XOM: harmless Ice miscast
  2266 | D:11     | Noticed a troll
  2334 | D:11     | Noticed a komodo dragon
  2468 | D:11     | Noticed a two-headed ogre
  2477 | D:11     | XOM: cast spell 'Summon Small Mammal'
  2491 | D:11     | XOM: confuse monster(s)
  2502 | D:11     | XOM: confuse monster(s)
  2511 | D:11     | Found a staircase to the Lair.
  2536 | D:11     | XOM: potion effect (might)
  2545 | D:11     | XOM: summons friendly crimson imp
  2559 | D:11     | Reached skill level 10 in Polearms
  2571 | D:11     | Shot with an arrow by a centaur

Vault maps used:
D:1:      dpeg_arrival_long_road, hex_large
D:2:      ashenzari_altar_1, chequers_ecumenical_altar_simple, uniq_jessica
D:3:      kennysheep_ying_yang, uniq_sigmund
D:4:      nicolae_overflow_crystal_walls, nicolae_ru_the_path_less_chosen,
          uniq_crazy_yiuf_cottage
D:5:      temple_fountains, first_bread
D:6:      lightli_temple_of_fire, nicolae_ossuary_entry_plus, serial_shops,
          nicolae_shop_trees, uniq_pikel
D:8:      grunt_gozag_statues, uniq_psyche
D:10:     hangedman_pestilent_swarm, minmay_misc_feat_tiny, kennysheep_path_1,
          hangedman_glass_teeth, minivault_26
D:11:     lair_entry_dummy, kennysheep_small_square
Ossuary:  ossuary_boxes_badplayer

Skill      XL: |  1  2  3  4  5  6  7  8  9 |
---------------+----------------------------+-----
Polearms       | 3 4 5 6 7 9 10 | 10.0
Fighting       | 5 6 |  6.4
Dodging        | 2 4 |  4.0
Armour         | |  1.3

Action                   |  1- 3 |  4- 6 |  7- 9 || total
-------------------------+-------+-------+-------++-------
Melee: Spear             |    57 |   113 |   321 ||   491
       Kick              |     8 |     9 |    79 ||    96
       Halberd           |       |       |    10 ||    10
Evoke: Wand              |       |       |     1 ||     1
  Use: Scroll            |       |       |    15 ||    15
 Stab: Paralysed         |       |     2 |       ||     2
       Petrified         |       |     1 |    11 ||    12
       Invisible         |       |       |     5 ||     5
       Petrifying        |       |       |     1 ||     1
       Confused          |       |       |     2 ||     2
  Eat: Chunk             |       |       |     4 ||     4
Armor: Leather armour    |    19 |    25 |    70 ||   114
Dodge: Dodged            |    15 |    23 |   122 ||   160
